 Dungeon Crawl Stone Soup version 0.25.0-1-g7eea58d2a3 (webtiles) character file.

Game seed: 2720433317571521452

855614 MisterFreud the Conqueror (level 27, -18/159 HPs)
             Began as a Gargoyle Monk on June 12, 2020.
             Was the Champion of the Shining One.
             Killed from afar by a Brimstone Fiend (30 damage)
             ... with damnation
             ... in Pandemonium on June 14, 2020.
             The game lasted 04:44:22 (94372 turns).

MisterFreud the Conqueror (Gargoyle Monk)          Turns: 94372, Time: 04:44:22

Health: -18/159    AC: 72    Str: 24    XL:     27
Magic:  35/40      EV: 10    Int: 13    God:    the Shining One [******]
Gold:   7005       SH: 33    Dex: 10    Spells: 26/26 levels left

rFire    + . .     SeeInvis +   G - +9 sacred scourge (holy)
rCold    + . .     Gourm    .   n - +8 tower shield {rF+}
rNeg     + + +     Faith    .   g - +8 orange crystal plate armour {Archmagi, Int+3 Clar}
rPois    ∞         Spirit   .   C - +1 helmet
rElec    +         Reflect  .   T - +4 cloak of Wasted Space {Int+2}
rCorr    .         Harm     .   X - +2 pair of gloves
MR       +++++     Clarity  +   k - +2 pair of boots {run}
Stlth    ..........             d - necklace of Bloodlust {*Rage +Rage MR++ Int-3 Slay+6 *Curse}
HPRegen  0.36/turn              f - ring of see invisible
MPRegen  0.27/turn              v - ring "Ezir" {rC+ Slay+2}

@: mighty, flying, glowing, studying Spellcasting, quick
A: big wings, repulsion field 1, icy blue scales 1, blink, clarity, clumsy 1,
deformed body, dopey 1, frail 2, magic resistance 1, negative energy resistance
1, electricity resistance, weak 1, unbreathing, petrification resistance, rot
immunity, subdued magic 1, AC +20
}: 7/15 runes: serpentine, barnacled, slimy, silver, abyssal, demonic, glowing
a: Stop Flying, Blink, Divine Shield, Cleansing Flame, Summon Divine Warrior,
Renounce Religion, Evoke Berserk Rage


You were in Pandemonium.
You worshipped the Shining One.
The Shining One was exalted by your worship.
You were not hungry.

You visited 11 branches of the dungeon, and saw 53 of its levels.
You visited Pandemonium 1 time, and saw 8 of its levels.
You visited the Abyss 2 times.
You visited 1 bazaar.
You also visited: Desolation.

You collected 10109 gold pieces.
You spent 3104 gold pieces at shops.

Inventory:

Hand Weapons
 o - a +8 vorpal eveningstar
 G - a +9 sacred scourge of holy wrath (weapon)
Missiles
 x - 2255 bolts
 M - 4 throwing nets (quivered)
 Q - 54 boomerangs
Armour
 g - the +8 orange crystal plate armour (worn) {Archmagi, Int+3 Clar}
   (You acquired it on level 5 of the Lair of Beasts)

   It affects your intelligence (+3).
   It protects you against confusion.
 k - a +2 pair of boots of running (worn)
 n - a +8 tower shield of fire resistance (worn)
 C - a +1 helmet (worn)
 T - the +4 cloak of Wasted Space (worn) {Int+2}
   (You bought it in a shop on level 6 of the Dungeon)

   It affects your intelligence (+2).
 X - a +2 pair of gloves (worn)
Jewellery
 d - the necklace of Bloodlust (around neck) {*Rage +Rage MR++ Int-3 Slay+6 *Curse}
   (You bought it in a shop on level 2 of the Orcish Mines)

   [amulet of nothing]

   It affects your intelligence (-3).
   It affects your accuracy and damage with ranged weapons and melee attacks
   (+6).
   It affects your resistance to hostile enchantments.
   It lets you go berserk.
   It may make you go berserk in combat.
   It curses itself when equipped.
 f - a ring of see invisible (left hand)
 h - an uncursed ring of protection from cold
 i - an uncursed ring of resist corrosion
 v - the ring "Ezir" (right hand) {rC+ Slay+2}
   (You acquired it on level 2 of the Snake Pit)

   [ring of protection from cold]

   It affects your accuracy and damage with ranged weapons and melee attacks
   (+2).
   It protects you from cold.
 N - an uncursed ring of protection from magic
Wands
 y - a wand of enslavement (25)
 D - a wand of acid (62)
 I - a wand of digging (4)
 J - a wand of paralysis (43)
 K - a wand of polymorph (43)
 W - a wand of disintegration (14)
 Y - a wand of iceblast (73)
Scrolls
 b - 27 scrolls of identify
 j - a scroll of blinking
 s - 8 scrolls of magic mapping
 t - 31 scrolls of remove curse
 z - 5 scrolls of silence
 A - 2 scrolls of holy word
 L - 7 scrolls of fog
 R - 16 scrolls of teleportation
 U - 8 scrolls of fear
 V - 2 scrolls of enchant armour
Potions
 a - 4 potions of cancellation
 l - 9 potions of haste
 m - 2 potions of berserk rage
 p - 10 potions of stabbing
 q - 4 potions of resistance
 w - 13 potions of curing
 F - 6 potions of magic
 H - 12 potions of might
Books
 P - a manual of Spellcasting
Miscellaneous
 e - a lightning rod (4/4)
 r - a tin of tremorstones (3/3)
 O - a phial of floods
 S - 7 phantom mirrors
 Z - 6 boxes of beasts
Comestibles
 c - 81 rations


   Skills:
 O Level 27 Fighting
 + Level 20.5 Maces & Flails
 O Level 27 Armour
 - Level 2.4 Dodging
 - Level 2.1 Stealth
 - Level 25.0 Shields
 O Level 27 Invocations
 - Level 5.0 Evocations


You had 26 spell levels left.
You didn't know any spells.
Your spell library contained the following spells:

 Spells                   Type           Power        Failure   Level  Hunger
 Animate Skeleton         Necr           N/A          91%         1    ##.....
 Apportation              Tloc           #.....       91%         1    ##.....
 Corona                   Hex            #......      91%         1    ##.....
 Foxfire                  Conj/Fire      #...         91%         1    ##.....
 Infusion                 Chrm           #...         91%         1    ##.....
 Magic Dart               Conj           #...         91%         1    ##.....
 Pain                     Necr           #...         91%         1    ##.....
 Sandblast                Erth           #.....       91%         1    ##.....
 Shock                    Conj/Air       #...         91%         1    ##.....
 Sting                    Tmut/Pois      #...         91%         1    ##.....
 Summon Butterflies       Summ           #.......     91%         1    ##.....
 Summon Small Mammal      Summ           #...         91%         1    ##.....
 Blink                    Tloc           N/A          97%         2    ###....
 Call Imp                 Summ           #.......     97%         2    ###....
 Corpse Rot               Necr/Air       N/A          97%         2    ###....
 Ensorcelled Hibernation  Hex/Ice        #.....       97%         2    ###....
 Passwall                 Tmut/Erth      #.......     97%         2    ###....
 Poisonous Vapours        Pois/Air       #.....       97%         2    ###....
 Shroud of Golubria       Chrm/Tloc      #.....       97%         2    ###....
 Slow                     Hex            #.......     97%         2    ###....
 Song of Slaying          Chrm           #.......     97%         2    ###....
 Call Canine Familiar     Summ           #.......     100%        3    ####...
 Confusing Touch          Hex            #.......     100%        3    ####...
 Conjure Flame            Conj/Fire      #.......     100%        3    ####...
 Dazzling Flash           Conj/Hex       #.....       100%        3    ####...
 Gell's Gravitas          Tloc           #.........   100%        3    ####...
 Ignite Poison            Fire/Tmut/Pois #.......     100%        3    ####...
 Inner Flame              Hex/Fire       #.......     100%        3    ####...
 Lesser Beckoning         Tloc           #.........   100%        3    ####...
 Mephitic Cloud           Conj/Pois/Air  #.......     100%        3    ####...
 Ozocubu's Armour         Chrm/Ice       #.......     100%        3    ####...
 Portal Projectile        Hex/Tloc       #.....       100%        3    ####...
 Spectral Weapon          Hex/Chrm       #.......     100%        3    ####...
 Static Discharge         Conj/Air       #.......     100%        3    ####...
 Stone Arrow              Conj/Erth      #.....       100%        3    ####...
 Summon Guardian Golem    Hex/Summ       #.......     100%        3    ####...
 Tukima's Dance           Hex            #.......     100%        3    ####...
 Animate Dead             Necr           N/A          100%        4    #####..
 Cause Fear               Hex            #.........   100%        4    #####..
 Dispel Undead            Necr           #.......     100%        4    #####..
 Hailstorm                Conj/Ice       #.......     100%        4    #####..
 Ice Form                 Ice/Tmut       #.......     100%        4    #####..
 Leda's Liquefaction      Hex/Erth       #.........   100%        4    #####..
 Olgreb's Toxic Radiance  Pois           #.......     100%        4    #####..
 Petrify                  Tmut/Erth      #.......     100%        4    #####..
 Summon Ice Beast         Ice/Summ       #.......     100%        4    #####..
 Summon Lightning Spire   Summ/Air       #.......     100%        4    #####..
 Agony                    Necr           #.......     100%        5    ######.
 Alistair's Intoxication  Tmut/Pois      #.......     100%        5    ######.
 Bolt of Magma            Conj/Fire/Erth #.........   100%        5    ######.
 Excruciating Wounds      Chrm/Necr      #.........   100%        5    ######.
 Irradiate                Conj/Tmut      #.........   100%        5    ######.
 Iskenderun's Battlesphe  Conj/Chrm      #.......     100%        5    ######.
 Lee's Rapid Deconstruct  Erth           #.........   100%        5    ######.
 Lightning Bolt           Conj/Air       #.........   100%        5    ######.
 Metabolic Englaciation   Hex/Ice        #.........   100%        5    ######.
 Silence                  Hex/Air        #.........   100%        5    ######.
 Conjure Ball Lightning   Conj/Air       #.........   100%        6    #######
 Dispersal                Tloc           #.........   100%        6    #######
 Eringya's Noxious Bog    Tmut/Pois      #.........   100%        6    #######
 Freezing Cloud           Conj/Ice/Air   #.........   100%        6    #######
 Hydra Form               Tmut           #.........   100%        6    #######
 Invisibility             Hex            #.......     100%        6    #######
 Iron Shot                Conj/Erth      #.........   100%        6    #######
 Ozocubu's Refrigeration  Ice            #.........   100%        6    #######
 Simulacrum               Ice/Necr       #.........   100%        6    #######
 Dragon Form              Tmut           #.........   100%        7    #######
 Malign Gateway           Summ/Tloc      #.........   100%        7    #######
 Monstrous Menagerie      Summ           #.........   100%        7    #######
 Orb of Destruction       Conj           #.........   100%        7    #######
 Ring of Flames           Chrm/Fire      #.........   100%        7    #######
 Spellforged Servitor     Conj/Summ      #.........   100%        7    #######
 Summon Greater Demon     Summ           #.........   100%        7    #######
 Controlled Blink         Tloc           N/A          100%        8    #######
 Disjunction              Tloc           #.........   100%        8    #######
 Ignition                 Fire           #.........   100%        8    #######
 Summon Horrible Things   Summ           #.........   100%        8    #######
 Dragon's Call            Summ           #.........   100%        9    #######
 Shatter                  Erth           #.........   100%        9    #######
 Tornado                  Air            #.........   100%        9    #######
 Sublimation of Blood     Necr           Unusable     N/A         2    N/A
 Statue Form              Tmut/Erth      Unusable     N/A         6    N/A

Dungeon Overview and Level Annotations

Branches:
Dungeon (15/15)            Temple (0/1) D:4            Lair (6/6) D:8
 Shoals (4/4) Lair:2        Snake (4/4) Lair:4        Slime (5/5) Lair:6
    Orc (2/2) D:12            Elf (3/3) Orc:2        Vaults (5/5) D:14
  Crypt (3/3) Vaults:2       Tomb (0/3) Crypt:3      Depths (5/5) D:15
    Zot (1/5) Depths:5    Desolation (visited)

Altars:
Cheibriados
Dithmenos
Gozag
Hepliaklqana
Makhleb
Nemelex Xobeh
Okawaru
Sif Muna
Trog
Uskayaw
Vehumet
Xom
Yredelemnul
Zin
The Shining One
Beogh
Jiyva
Lugonu

Shops:
D:6 [   D:9 *   D:15 [   Orc:2 =((==?:=   Elf:1 (*}   Shoals:1 :   Shoals:2 ((
Shoals:3 =   Shoals:4 [   Snake:3 (   Depths:1 }   Depths:4 =

Portals:
Hell: Depths:1 Depths:2 Depths:3 Depths:4 Depths:5
Abyss: Depths:1 Depths:4
Pandemonium: Depths:2 Depths:3
Ziggurat: Depths:3

Annotations:
D:6 exclusion: orc wizard
Lair:3 1 transporter
Shoals:2 exclusion: oklob plant
Snake:3 Roxanne
Crypt:3 4 exclusions
Depths:3 exclusion: 2 ice statues


Innate Abilities, Weirdness & Mutations

You are resistant to torment.
Your stone body is resilient. (AC +20)
You are immune to poison.
Your large and strong wings let you fly indefinitely.
You resist negative energy. (rN+)
You are resistant to electric shocks. (rElec)
You can survive without breathing.
You are immune to petrification.
You are immune to rotting.
You are surrounded by a mild repulsion field. (EV +2)
You are partially covered in icy blue scales. (AC +2)
You can translocate small distances at will.
You possess an exceptional clarity of mind.
You are clumsy. (Dex -2)
Armour fits poorly on your strangely shaped body.
You are dopey. (Int -2)
You are very frail. (-20% HP)
You are resistant to hostile enchantments. (MR+)
You are weak. (Str -2)
Your spells are a little easier to cast, but a little less powerful.


Message History

The damnation engulfs the Brimstone Fiend.
The Brimstone Fiend completely resists.
You block the Brimstone Fiend's attack. x3
You hear a loud, deep croak!
The golden flame engulfs you but does no damage.
You resist.
The golden flame engulfs the hellion!!
The hellion writhes in agony!
The hellion is severely wounded.
The golden flame engulfs the Brimstone Fiend!!
The Brimstone Fiend writhes in agony!
The Brimstone Fiend is moderately wounded.
The golden flame engulfs the ynoxinul!!!
The ynoxinul writhes in agony!
You kill the ynoxinul!
The Shining One accepts your kill.
You feel better.
The ufetubus disappears in a puff of smoke! x5
You feel somewhat more hungry. You block the hellion's attack.
The Brimstone Fiend gestures at you.
The sphere of damnation explodes!
The damnation engulfs you!!
You die...

####'####
#.......#
#.......##
##.......#
#.......##
##.......+
#......###
##...###.#
#.#@#...#
###21§..#
#..2§§..#
#...§...#
#.......#
#.....§.#
####'#..#
......
.#.....


You could see a Brimstone Fiend and 2 hellions.

Vanquished Creatures
  the Royal Jelly (Slime:5)
  Mnoleg (Pan)
  3 ancient liches
  Mennas (Pan)
  Mara (Vaults:2)
  Margery (Crypt:3)
  Saint Roka (Crypt:1)
  Vashnia (Snake:4)
  A caustic shrike (Depths:1)
  the Enchantress (Depths:2)
  4 golden dragons
  3 profane servitors
  Nikola (Snake:3)
  2 pearl dragons (Pan)
  4 Tzitzimimeh (Pan)
  15 bone dragons
  4 pandemonium lords (Pan)
  16 tentacled monstrosities
  Jorgrun (Elf:1)
  2 hellephants
  An Ice Fiend (Pan)
  A Hell Sentinel (Abyss:3)
  Asterion (Elf:1)
  11 ancient champions
  7 deep elf blademasters
  5 deep elf master archers
  10 liches
  A quicksilver dragon (Depths:4)
  5 sphinxes
  8 titans
  7 Executioners
  8 acid blobs
  The ghost of frimble the Victor of a Thousand Battles, an adept DsGl of Okawaru (Depths:2)
  41 tentacled starspawn
  6 tengu reavers
  Kirke (Snake:3)
  3 shadow dragons
  11 daevas
  A storm dragon (Vaults:5)
  12 nagarajas
  9 azure jellies
  A revenant (Crypt:1)
  41 fire giants
  6 deep elf sorcerers
  27 frost giants
  21 vault wardens
  5 iron dragons
  18 cacodemons
  3 deep elf elementalists (Vaults:5)
  3 warmongers (Pan)
  9 balrugs
  11 angels
  Louise (Snake:1)
  Aizul (Snake:1)
  2 draconian scorchers
  3 draconian annihilators
  5 war gargoyles
  A draconian stormcaller (Depths:5)
  A blood saint (Pan)
  24 very ugly things
  13 ironheart preservers
  3 spriggan defenders (Depths:2)
  6 reapers
  8 ophanim
  8 ghouls
  41 stone giants
  5 vampire knights
  4 lorocyprocas
  2 black draconians
  6 green draconians
  21 apis (Pan)
  12 deep elf demonologists
  4 red draconians
  3 yellow draconians
  A minotaur (shapeshifter) (Vaults:5)
  7 spark wasps
  6 purple draconians
  A white draconian (Depths:4)
  A corrupter (Pan)
  5 deep elf annihilators
  3 eidola (Crypt:2)
  121 large abominations
  3 blizzard demons
  9 deep elf death magi
  A death ooze (Slime:5)
  7 green deaths
  12 ettins
  11 fire dragons
  17 jiangshi
  6 merfolk impalers
  2 merfolk javelineers
  4 deep elf high priests
  A quicksilver dragon zombie (Abyss:2)
  41 vault guards
  24 yaktaur captains
  18 great orbs of eyes
  16 naga warriors
  5 monstrous demonspawn (Pan)
  3 hydras
  2 peacekeepers (Elf:1)
  11 rakshasas
  Erica (Lair:1)
  A hell beast (Pan)
  13 ice dragons
  A catoblepas (Lair:6)
  8 spriggan air magi
  36 two-headed ogres
  13 anacondas
  5 merfolk avatars
  15 centaur warriors
  4 death knights
  A merfolk aquamancer (Shoals:4)
  2 tengu warriors (Depths:4)
  26 dancing weapons
  11 ogre magi
  9 deep troll earth magi
  4 hell hogs
  A satyr (Shoals:4)
  11 deep troll shamans
  13 shock serpents
  7 hell knights
  32 deep elf knights
  13 vampire magi
  Urug (Orc:1)
  39 thrashing horrors
  10 soul eaters
  2 spriggan berserkers
  Sonja (Lair:5)
  3 orc high priests (Orc:2)
  11 naga sharpshooters
  6 sun demons (Pan)
  33 wretched stars
  A titan skeleton (Crypt:2)
  8 salamander mystics (Snake:4)
  23 sixfirhies
  12 flayed ghosts
  6 shadow wraiths
  18 spatial maelstroms
  2 quicksilver dragon simulacra
  4 iron trolls
  2 storm dragon skeletons
  27 skeletal warriors
  71 small abominations
  A spark wasp zombie (Crypt:2)
  9 sea snakes
  A sea snake (shapeshifter) (Vaults:5)
  37 deep trolls
  6 naga ritualists
  8 cherubim (Pan)
  8 wizards
  A gelid demonspawn (Pan)
  4 shadow demons
  An infernal demonspawn (Pan)
  9 unseen horrors
  161 starcursed masses
  11 harpies
  24 ironbrand convokers
  10 phantasmal warriors
  7 glowing orange brains
  4 lindwurms (Snake:4)
  39 deep elf archers
  14 mana vipers
  19 orc knights
  A cyclops (shapeshifter) (Abyss:1)
  77 deep elf magi
  13 necromancers
  4 shining eyes
  A sphinx zombie (Depths:4)
  2 orb spiders
  2 stone giant zombies
  51 ugly things
  19 worldbinders
  A sphinx skeleton (Depths:4)
  9 orc sorcerers
  10 cyclopes
  4 wolf spiders
  2 frost giant zombies
  18 manticores
  12 salamanders
  15 fauns (Shoals:2)
  4 water nymphs
  A salamander (shapeshifter) (Depths:4)
  2 fire giant skeletons
  11 merfolk sirens
  13 vault sentinels
  9 elephants
  A frost giant skeleton (Depths:4)
  2 rust devils
  4 apocalypse crabs (Abyss:3)
  10 guardian serpents
  41 smoke demons
  23 orange demons
  5 spiny frogs
  31 naga magi
  11 eyes of devastation
  29 black mambas
  A titan simulacrum (Depths:4)
  An eye of devastation (shapeshifter) (Abyss:3)
  A stone giant skeleton (Abyss:1)
  5 gargoyles
  A yaktaur zombie (Vaults:5)
  10 centaur skeletons
  5 spectral swamp worms (Depths:5)
  An emperor scorpion zombie (Crypt:2)
  3 rime drakes
  A black draconian zombie (Crypt:1)
  17 hellions
  6 demonic crawlers
  A green draconian zombie (Abyss:1)
  4 kobold demonologists
  53 yaktaurs
  12 tormentors
  12 komodo dragons
  A yaktaur (shapeshifter) (Vaults:5)
  An anaconda simulacrum (Abyss:3)
  A yaktaur skeleton (Vaults:1)
  7 ice devils
  A golden dragon simulacrum (Abyss:3)
  3 red devils (Pan)
  5 efreet
  A queen bee (D:11)
  A catoblepas skeleton (Abyss:1)
  A grey draconian skeleton (Crypt:2)
  2 harpy zombies
  18 freezing wraiths
  2 tengu conjurers
  12 hellwings
  7 trolls
  3 meliai
  37 ancient zymes
  A silent spectre (Abyss:3)
  A troll (shapeshifter) (Vaults:2)
  A tyrant leech (shapeshifter) (Vaults:5)
  A shadow dragon simulacrum (Vaults:3)
  8 hornets
  A sphinx simulacrum (Vaults:5)
  12 polar bears
  21 merfolk
  A hydra skeleton (Crypt:1)
  A dream sheep (shapeshifter) (Abyss:3)
  A tengu simulacrum (Vaults:2)
  A hippogriff (shapeshifter) (Depths:2)
  An ettin zombie (Abyss:3)
  6 wind drakes
  2 blink frogs (shapeshifter)
  A harpy skeleton (Crypt:3)
  3 bog bodies
  A frost giant simulacrum (Abyss:3)
  25 blink frogs
  8 hippogriffs
  45 slime creatures
  64 raiju
  A stone giant simulacrum (Depths:1)
  A fire dragon zombie (Crypt:2)
  An ice dragon zombie (Crypt:3)
  An ettin skeleton (Vaults:5)
  A fire giant simulacrum (Vaults:1)
  A tarantella (Abyss:3)
  2 air elementals (Elf:1)
  An alligator skeleton (Crypt:2)
  29 flying skulls
  4 shadows
  10 water elementals
  14 snapping turtles
  4 vampires
  A tarantella (shapeshifter) (Depths:2)
  3 wyverns
  13 wraiths
  34 ynoxinuls
  3 spriggans
  A wyvern (shapeshifter) (Vaults:4)
  A centaur simulacrum (D:15)
  Sigmund (D:3)
  A guardian serpent skeleton (Crypt:3)
  4 spriggans (shapeshifter)
  2 ice dragon skeletons (Abyss:3)
  A human (shapeshifter) (Elf:3)
  20 yaks
  2 black mamba skeletons
  3 basilisks (shapeshifter)
  5 hogs
  3 fire dragon skeletons
  9 fire bats
  16 golden eyes
  A hog (shapeshifter) (Elf:1)
  6 vampire mosquitoes
  2 golden eyes (shapeshifter)
  4 fire elementals
  A minotaur simulacrum (Abyss:3)
  4 hungry ghosts
  A human (D:9)
  40 neqoxecs
  35 chaos spawn
  11 wargs
  47 nagas
  A water moccasin (shapeshifter) (Depths:3)
  A merfolk zombie (Crypt:3)
  17 spatial vortices
  An ogre skeleton (Vaults:1)
  21 water moccasins
  4 acid dragons
  15 hell hounds
  5 porcupines
  4 floating eyes
  37 orc warriors
  A merfolk skeleton (Crypt:1)
  A swamp drake (D:12)
  5 ice beasts
  4 sky beasts
  An eye of draining (shapeshifter) (Depths:1)
  12 black bears
  6 necrophages (Crypt:1)
  An ettin simulacrum (Crypt:2)
  15 eyes of draining
  An ice dragon simulacrum (Depths:1)
  40 ogres
  A snapping turtle zombie (Crypt:3)
  A wolf (shapeshifter) (Depths:1)
  26 wolves
  A phantom (D:9)
  A manticore skeleton (Crypt:1)
  An ogre (shapeshifter) (Vaults:5)
  13 centaurs
  A swamp dragon skeleton (Abyss:3)
  14 crocodiles
  3 big kobolds
  A human zombie (Vaults:1)
  25 bullfrogs
  A komodo dragon skeleton (Crypt:3)
  6 earth elementals
  A spiny frog simulacrum (Crypt:2)
  2 wyvern skeletons
  A warg zombie (Crypt:2)
  28 killer bees
  A human simulacrum (Vaults:1)
  A killer bee (shapeshifter) (D:14)
  A troll skeleton (Crypt:1)
  7 wights (D:13)
  An electric eel (Lair:4)
  7 crimson imps
  14 quasits
  2 bullfrog zombies (D:12)
  5 centaur zombies
  4 hounds
  34 orc wizards
  3 jellies
  29 orc priests
  5 iguanas
  9 iron imps
  2 bullfrog skeletons
  Terence (D:1)
  11 worker ants
  A killer bee zombie (D:9)
  A naga zombie (Abyss:2)
  A demigod skeleton (Crypt:3)
  A naga skeleton (Crypt:3)
  A hound skeleton (D:5)
  3 hound zombies
  A howler monkey skeleton (D:6)
  2 worker ant zombies
  A steam dragon zombie (Crypt:2)
  13 adders
  3 gnolls (D:8)
  7 shadow imps
  20 white imps
  8 ufetubi
  An ooze (D:5)
  2 adder zombies
  2 worms (D:2)
  A barachi skeleton (Crypt:2)
  3 leopard geckos
  118 orcs
  3 ball pythons
  4 giant cockroaches
  7 goblins
  7 hobgoblins
  12 jackals
  8 quokkas
  6 bats
  8 frilled lizards
  A jackal skeleton (D:8)
  13 kobolds
  An orc zombie (Crypt:1)
  5 rats
  A lurking horror (Abyss:3)
  A plant (Shoals:3)
  43 starspawn tentacles
3745 creatures vanquished.

Vanquished Creatures (collateral kills)
  A Tzitzimitl (Pan)
  A Hell Sentinel (Abyss:3)
  A tentacled starspawn (Abyss:3)
  2 daevas (Abyss:3)
  2 cacodemons (Pan)
  An eidolon (Abyss:3)
  4 hell hogs (Abyss:3)
  2 thrashing horrors (Abyss:3)
  2 wretched stars (Abyss:3)
  A spatial maelstrom (Abyss:3)
  An unseen horror (Abyss:3)
  3 sixfirhies
  A harpy (shapeshifter) (Abyss:3)
  A phantasmal warrior (Abyss:3)
  A shining eye (Pan)
  A guardian serpent (Abyss:3)
  2 rust devils
  A smoke demon (Abyss:3)
  A hellion (Pan)
  A demonic crawler (Pan)
  An efreet (Abyss:3)
  An ancient zyme (Abyss:3)
  8 raiju (Abyss:3)
  A flying skull (Abyss:3)
  2 tarantellas (shapeshifter) (Abyss:3)
  5 neqoxecs
  2 chaos spawn (Pan)
  2 small abominations
  6 spatial vortices (Abyss:3)
  5 large abominations
  A hell hound (Abyss:2)
  A naga (Abyss:3)
  A spiny frog skeleton (Abyss:3)
  2 crimson imps (Abyss:3)
  11 starcursed masses
  2 ufetubi (Abyss:2)
  A lurking horror (Abyss:3)
  2 starspawn tentacles (Abyss:3)
84 creatures vanquished.

Vanquished Creatures (others)
  2 eldritch tentacles (Pan)
  A fire giant (Vaults:5)
  An ironheart preserver (Vaults:1)
  A thrashing horror (Abyss:3)
  A deep elf knight (Elf:2)
  A soul eater (Pan)
  A deep elf archer (Elf:1)
  A deep elf mage (D:14)
  A yaktaur (Depths:1)
  A ynoxinul (Pan)
  A golden eye (Abyss:2)
  A basilisk (shapeshifter) (Depths:4)
  2 humans (Snake:4)
  A naga (Snake:4)
  An acid dragon (Vaults:2)
  2 orc warriors
  A small abomination (Abyss:3)
  An ufetubus (Abyss:1)
  3 orcs
  A gnoll zombie (Crypt:3)
  A crawling corpse (Vaults:5)
  10 fungi
  11 lurking horrors
  92 plants
  79 starspawn tentacles
  2 withered plants (Depths:2)
220 creatures vanquished.

Grand Total: 4049 creatures vanquished

Notes
Turn   | Place    | Note
-------+----------+-------------------------------------------
     0 | D:1      | MisterFreud the Gargoyle Monk began the quest for the Orb.
     0 | D:1      | Reached XP level 1. HP: 14/14 MP: 1/1
   349 | D:1      | Reached XP level 2. HP: 18/20 MP: 2/2
  1240 | D:2      | Reached XP level 3. HP: 22/24 MP: 3/3
  1322 | D:2      | Noticed Terence
  2076 | D:2      | Reached XP level 4. HP: 29/29 MP: 4/4
  2462 | D:3      | Noticed Sigmund
  2561 | D:3      | Found an iron altar of Okawaru.
  2654 | D:3      | Found a glowing golden altar of the Shining One.
  2662 | D:3      | Became a worshipper of Warmaster Okawaru
  2662 | D:3      | Reached * piety under Okawaru
  2662 | D:3      | Reached ** piety under Okawaru
  2953 | D:4      | Reached skill level 1 in Armour
  3023 | D:4      | Noticed an ogre
  3318 | D:1      | Killed Terence
  3318 | D:1      | Reached XP level 5. HP: 33/33 MP: 5/5
  3552 | D:4      | Noticed an ogre
  3640 | D:5      | Entered Level 5 of the Dungeon
  3717 | D:5      | Reached skill level 5 in Maces & Flails
  3968 | D:4      | Killed an ogre
  3968 | D:4      | Reached XP level 6. HP: 30/38 MP: 3/6
  4499 | D:4      | Found a staircase to the Ecumenical Temple.
  4573 | D:4      | Found a glowing silver altar of Zin.
  4752 | D:6      | Reached *** piety under Okawaru
  4752 | D:6      | Reached XP level 7. HP: 40/43 MP: 7/7
  4778 | D:6      | Found a snail-covered altar of Cheibriados.
  4837 | D:6      | Reached skill level 5 in Armour
  5276 | D:5      | Reached skill level 1 in Invocations
  5744 | D:6      | Reached XP level 8. HP: 11/48 MP: 9/9
  6020 | D:6      | Found Xamniczo's Antique Armour Shop.
  6250 | D:6      | Found a shimmering blue altar of Sif Muna.
  6285 | D:6      | Found a shimmering altar of Xom.
  6286 | D:6      | Found a shimmering altar of Xom.
  6294 | D:6      | Found a shimmering altar of Xom.
  6294 | D:6      | Found a shimmering altar of Xom.
  6294 | D:6      | Found a shimmering altar of Xom.
  6422 | D:6      | Found a shadowy altar of Dithmenos.
  6480 | D:7      | Reached skill level 5 in Fighting
  6480 | D:7      | Reached skill level 1 in Shields
  6513 | D:7      | Noticed a hippogriff
  6529 | D:7      | Killed a hippogriff
  6529 | D:7      | Reached **** piety under Okawaru
  6596 | D:7      | Reached XP level 9. HP: 55/55 MP: 11/11
  6616 | D:7      | Noticed a hornet
  6638 | D:7      | Killed a hornet
  6975 | D:7      | Found a burning altar of Makhleb.
  6975 | D:7      | Noticed a cacodemon
  6978 | D:7      | Noticed an orange demon
  6978 | D:7      | Noticed a smoke demon
  7449 | D:8      | Reached ***** piety under Okawaru
  7490 | D:8      | Found a sparkling altar of Nemelex Xobeh.
  7898 | D:8      | Reached skill level 10 in Maces & Flails
  8200 | D:8      | Found a staircase to the Lair.
  8200 | D:8      | Noticed a komodo dragon
  8222 | D:8      | Killed a komodo dragon
  8359 | D:9      | Found Jakhank's Assorted Antiques.
  8367 | D:9      | Bought a scroll labeled ACZODO PUNEC for 34 gold pieces
  8456 | D:6      | Bought a fine cloak for 228 gold pieces
  8466 | D:6      | Identified the +4 cloak of Wasted Space {Int+2} (You bought
                  | it in a shop on level 6 of the Dungeon)
  8660 | D:9      | Reached XP level 10. HP: 60/63 MP: 12/12
  8791 | D:9      | Noticed a centaur warrior
  8805 | D:9      | Killed a centaur warrior
  8809 | D:9      | Noticed a gargoyle
  8813 | D:9      | Killed a gargoyle
  8813 | D:9      | Received a gift from Okawaru
  8934 | D:8      | Reached skill level 1 in Evocations
  9083 | D:9      | Found a hazy altar of Hepliaklqana.
  9204 | D:9      | Got a jet-encrusted chain mail
  9301 | D:9      | Identified the +12 chain mail of Qobylyde {rN+} (You found
                  | it on level 9 of the Dungeon)
  9493 | D:9      | Found a bloodstained altar of Trog.
  9493 | D:9      | Found a basalt altar of Yredelemnul.
  9498 | D:9      | Found a faded altar of an unknown god.
  9500 | D:9      | Found a hide-covered altar of Uskayaw.
  9501 | D:9      | Found an opulent altar of Gozag.
  9750 | D:10     | Entered Level 10 of the Dungeon
  9756 | D:10     | Noticed a cyclops
  9774 | D:10     | Reached XP level 11. HP: 49/71 MP: 13/13
  9781 | D:10     | Killed a cyclops
  9896 | D:10     | Noticed a two-headed ogre
  9949 | Lair:1   | Entered Level 1 of the Lair of Beasts
 10339 | Lair:1   | Reached skill level 10 in Fighting
 10450 | Lair:1   | Noticed a seven-headed hydra
 10460 | Lair:1   | Killed a seven-headed hydra
 10540 | Lair:1   | Reached skill level 5 in Evocations
 10548 | Lair:1   | Received a gift from Okawaru
 10811 | Lair:1   | Noticed a five-headed hydra
 10822 | Lair:1   | Killed a five-headed hydra
 10833 | Lair:1   | Noticed Erica
 10848 | Lair:1   | Killed Erica
 11238 | Lair:2   | Noticed an eight-headed hydra
 11566 | Lair:2   | Reached XP level 12. HP: 77/77 MP: 15/15
 11791 | Lair:2   | Killed an eight-headed hydra
 11791 | Lair:2   | Reached skill level 5 in Invocations
 12142 | Lair:2   | Found a staircase to the Shoals.
 12390 | Lair:3   | Reached ****** piety under Okawaru
 12597 | Lair:3   | Received a gift from Okawaru
 12892 | Lair:3   | Found a transporter.
 13671 | Lair:4   | Found a staircase to the Snake Pit.
 14390 | Lair:4   | Reached skill level 10 in Armour
 14399 | Lair:4   | Reached XP level 13. HP: 69/82 MP: 19/19
 15041 | Lair:5   | Received a gift from Okawaru
 15095 | Lair:5   | Noticed Sonja
 15122 | Lair:5   | Killed Sonja
 15798 | Lair:5   | Identified a scroll of acquirement
 15799 | Lair:5   | Found the +8 orange crystal plate armour {Archmagi, Int+3
                  | Clar}
 15799 | Lair:5   | Got the +8 orange crystal plate armour {Archmagi, Int+3
                  | Clar}
 15849 | Lair:6   | Entered Level 6 of the Lair of Beasts
 15935 | Lair:6   | Found a staircase to the Slime Pits.
 15937 | Lair:6   | Found a viscous altar of Jiyva.
 16573 | Lair:6   | Received a gift from Okawaru
 16574 | Lair:6   | Got a warped great mace {god gift}
 17626 | Lair:6   | Received a gift from Okawaru
 17631 | Lair:6   | Got a smoking buckler {god gift}
 17647 | Lair:6   | Identified the +2 buckler of Pan-Flutes {Str+5} (Okawaru
                  | gifted it to you on level 6 of the Lair of Beasts)
 17947 | Lair:6   | Gained mutation: Your large and strong wings let you fly
                  | indefinitely. [Gargoyle growth]
 17947 | Lair:6   | Reached XP level 14. HP: 47/94 MP: 18/20
 18996 | D:10     | Identified the +3 great mace of the Fool {freeze, *Noise
                  | rF+ Int+2 Dex+5} (Okawaru gifted it to you on level 6 of
                  | the Lair of Beasts)
 21025 | D:12     | You are sucked into a shaft and drop 3 floors!
 21025 | D:15     | Entered Level 15 of the Dungeon
 21057 | D:15     | Identified a +0 pair of boots of running (You acquired it
                  | on level 15 of the Dungeon)
 21235 | D:14     | Received a gift from Okawaru
 22237 | D:12     | Found a staircase to the Orcish Mines.
 23216 | D:14     | Received a gift from Okawaru
 23227 | D:14     | Reached skill level 15 in Fighting
 23371 | D:14     | Reached XP level 15. HP: 98/103 MP: 21/21
 23844 | D:14     | Found a gate to the Vaults.
 23965 | D:15     | Reached skill level 15 in Maces & Flails
 23998 | D:15     | Found a staircase to the Depths.
 24003 | D:15     | Received a gift from Okawaru
 24004 | D:15     | Got a brightly glowing great mace {god gift}
 24008 | D:15     | Identified the +1 great mace "Hotas" {drain, rC+ MR+}
                  | (Okawaru gifted it to you on level 15 of the Dungeon)
 24347 | D:15     | Found Ikki's Antique Armour Shoppe.
 24354 | D:15     | Bought a heavily runed cloak for 256 gold pieces
 24369 | D:15     | Identified the -1 cloak of Boredom {rElec rPois} (You
                  | bought it in a shop on level 15 of the Dungeon)
 24885 | D:14     | Received a gift from Okawaru
 26160 | Orc:1    | Entered Level 1 of the Orcish Mines
 26195 | Orc:1    | Noticed Urug
 26241 | Orc:1    | Killed Urug
 26464 | Orc:2    | Entered Level 2 of the Orcish Mines
 27315 | Orc:2    | Found Jutes's Jewellery Shoppe.
 27318 | Orc:2    | Found Uqar's Antique Weapon Emporium.
 27390 | Orc:2    | Found a staircase to the Elven Halls.
 27431 | Orc:2    | Found Otzag's Jewellery Boutique.
 27438 | Orc:2    | Bought an uncursed ring of see invisible for 225 gold
                  | pieces
 27477 | Orc:2    | Found Zodoikass's Weapon Boutique.
 27873 | Orc:2    | Found a roughly hewn altar of Beogh.
 28037 | Orc:2    | Received a gift from Okawaru
 28366 | Orc:2    | Found Plog's Jewellery Boutique.
 28366 | Orc:2    | Found Dagirpheu's Jewellery Boutique.
 28367 | Orc:2    | Found Efib's Book Shoppe.
 28367 | Orc:2    | Found Uduzxing's Magic Scroll Shoppe.
 28384 | Orc:2    | Bought a scroll of blinking for 135 gold pieces
 28384 | Orc:2    | Bought a scroll of fog for 36 gold pieces
 28384 | Orc:2    | Bought a scroll of teleportation for 54 gold pieces
 28384 | Orc:2    | Bought a scroll of teleportation for 54 gold pieces
 28384 | Orc:2    | Bought a scroll of teleportation for 54 gold pieces
 28384 | Orc:2    | Bought a scroll of teleportation for 54 gold pieces
 28384 | Orc:2    | Bought a scroll of fear for 63 gold pieces
 28591 | Orc:2    | Bought the cursed necklace of Bloodlust {*Rage +Rage MR++
                  | Int-3 Slay+6 *Curse} for 562 gold pieces
 28591 | Orc:2    | Found the cursed necklace of Bloodlust {*Rage +Rage MR++
                  | Int-3 Slay+6 *Curse}
 28881 | Snake:1  | Entered Level 1 of the Snake Pit
 28916 | Snake:1  | Noticed Louise
 28950 | Snake:1  | Killed Louise
 28950 | Snake:1  | Reached skill level 15 in Armour
 28950 | Snake:1  | Reached XP level 16. HP: 85/110 MP: 22/22
 29648 | Snake:1  | Noticed a nagaraja
 29655 | Snake:1  | Killed a nagaraja
 29760 | Snake:1  | Noticed Aizul
 29776 | Snake:1  | Killed Aizul
 29867 | Snake:1  | Noticed a nagaraja
 29881 | Snake:1  | Killed a nagaraja
 30218 | Snake:2  | You are sucked into a shaft and drop 1 floor!
 30451 | Snake:2  | Got the ring "Ezir" {rC+ Slay+2}
 30511 | Snake:2  | Got a bound zirconium amulet
 30512 | Snake:2  | Identified the amulet "Tupliyn" {Regen+ Int+5 Slay+3} (You
                  | found it on level 2 of the Snake Pit)
 31579 | Snake:2  | Found a shimmering altar of Xom.
 31768 | Snake:3  | Found Iquv's Weapon Shop.
 31779 | Snake:3  | Noticed Roxanne
 31804 | Snake:3  | Noticed a nagaraja
 31813 | Snake:3  | Received a gift from Okawaru
 31818 | Snake:3  | Killed a nagaraja
 32171 | Snake:3  | Reached XP level 17. HP: 108/115 MP: 23/23
 32175 | Snake:3  | Noticed Nikola
 32185 | Snake:3  | Killed Nikola
 32979 | Snake:4  | Entered Level 4 of the Snake Pit
 32982 | Snake:4  | Noticed Kirke
 33008 | Snake:3  | Killed Kirke
 33117 | Snake:4  | Received a gift from Okawaru
 34688 | Snake:4  | Received a gift from Okawaru
 34775 | Snake:4  | Noticed Vashnia
 34777 | Snake:4  | Reached XP level 18. HP: 115/122 MP: 24/24
 34802 | Snake:4  | Killed Vashnia
 34864 | Snake:4  | Received a gift from Okawaru
 35408 | Snake:4  | Got a serpentine rune of Zot
 35860 | Shoals:1 | Entered Level 1 of the Shoals
 36319 | Shoals:1 | Found Hepeagubb's Book Shoppe.
 37208 | Shoals:2 | Found Tasoq's Antique Weapon Emporium.
 37224 | Shoals:2 | Found Iveat's Weapon Emporium.
 37910 | Shoals:3 | Received a gift from Okawaru
 38504 | Shoals:3 | Found Musuj's Jewellery Boutique.
 38741 | Shoals:4 | Entered Level 4 of the Shoals
 38799 | Shoals:4 | Reached XP level 19. HP: 135/135 MP: 25/25
 39119 | Shoals:4 | Found Udeqemmoza's Antique Armour Emporium.
 39131 | Shoals:4 | Bought a pair of faintly glowing gloves for 342 gold pieces
 39131 | Shoals:4 | Identified the +0 pair of gloves "Odgheagin" {*Contam rPois
                  | Str+4 Dex+4} (You bought it in a shop on level 4 of the
                  | Shoals)
 39184 | Shoals:4 | Received a gift from Okawaru
 39203 | Shoals:4 | Got a barnacled rune of Zot
 39306 | Shoals:4 | Found a radiant altar of Vehumet.
 39440 | Shoals:4 | Identified Toxorhip's Compendium of Attacks
 39853 | Vaults:1 | Entered Level 1 of the Vaults
 39996 | Vaults:1 | Noticed an Ice Fiend
 40027 | Vaults:1 | Noticed an Ice Fiend
 41953 | Vaults:2 | Received a gift from Okawaru
 42491 | Vaults:2 | Noticed a bone dragon
 42492 | Vaults:2 | Found a staircase to the Crypt.
 42503 | Vaults:2 | Killed a bone dragon
 42796 | Vaults:2 | Reached XP level 20. HP: 129/147 MP: 26/26
 43481 | Vaults:2 | Noticed Mara
 43497 | Vaults:2 | Noticed MisterFreud's illusion
 43519 | Vaults:2 | Noticed MisterFreud's illusion
 44352 | Vaults:3 | Received a gift from Okawaru
 44465 | Vaults:3 | Received a gift from Okawaru
 44602 | Vaults:3 | Noticed a golden dragon
 44623 | Vaults:3 | Killed a golden dragon
 44745 | Vaults:3 | Received a gift from Okawaru
 45556 | Vaults:3 | Reached XP level 21. HP: 121/157 MP: 27/27
 46479 | Vaults:3 | Identified the Papyrus of Arcane Weapons
 46547 | Vaults:3 | Identified the Volume of Frigorific Combat Magic
 47481 | Vaults:4 | Identified the Compendium of Harmful Fire
 47828 | Vaults:4 | Received a gift from Okawaru
 48883 | Vaults:2 | Noticed MisterFreud's illusion
 48897 | Vaults:2 | Killed Mara
 49110 | Vaults:2 | Got the +8 morningstar of the Warrior {vorpal, *Slow +Blink
                  | +Inv rN+}
 49523 | Elf:1    | Entered Level 1 of the Elven Halls
 49540 | Elf:1    | Received a gift from Okawaru
 49544 | Elf:1    | Found Kexkurel's General Store.
 49550 | Elf:1    | Found a flickering gateway to a bazaar.
 49555 | Bazaar   | Entered a bazaar
 49569 | Bazaar   | Found Vyoperepe's Weapon Shoppe.
 49576 | Bazaar   | Found Kougromm's Magic Scroll Emporium.
 49580 | Bazaar   | Bought a scroll of fog for 18 gold pieces
 49699 | Bazaar   | Found Tafiyps's General Store.
 49703 | Bazaar   | Bought a wand of paralysis (6) for 72 gold pieces
 49706 | Bazaar   | Found Xinoplau's Weapon Shop.
 49790 | Elf:1    | Found Vorush's Gadget Shoppe.
 49796 | Elf:1    | Bought a box of beasts for 380 gold pieces
 49796 | Elf:1    | Bought a box of beasts for 380 gold pieces
 49802 | Elf:1    | Reached XP level 22. HP: 168/168 MP: 28/28
 49928 | Elf:1    | Noticed Jorgrun
 49936 | Elf:1    | Killed Jorgrun
 49945 | Elf:1    | Reached skill level 27 in Fighting
 49957 | Elf:1    | Found a ruined gateway.
 49967 | Desolati | Entered the Desolation of Salt
 50197 | Elf:1    | Noticed Asterion
 50206 | Elf:1    | Killed Asterion
 50407 | Elf:1    | Bought a scroll of blinking for 112 gold pieces
 50407 | Elf:1    | Bought a scroll of teleportation for 45 gold pieces
 50440 | Elf:1    | Found Duestryisti's Antique Weapon Shoppe.
 50863 | Elf:1    | Got a twitching marble ring
 50864 | Elf:1    | Identified the ring "Ymuo" {*Tele rC+ Slay+2} (You found it
                  | on level 1 of the Elven Halls)
 50973 | Elf:1    | Received a gift from Okawaru
 52003 | Elf:2    | Found a runed translucent gate.
 52003 | Elf:2    | Found a runed translucent gate.
 52014 | Elf:2    | Found a runed translucent gate.
 52909 | Elf:3    | Entered Level 3 of the Elven Halls
 53409 | Elf:3    | Received a gift from Okawaru
 54026 | Elf:3    | Found the +9 staff of Olgreb {rPois∞}
 54026 | Elf:3    | Found the +8 glaive of the Guard {elec, +Rage AC+5 SInv}
 54067 | Elf:3    | Reached XP level 23. HP: 80/175 MP: 23/29
 55311 | Depths:1 | Entered Level 1 of the Depths
 55320 | Depths:1 | Noticed a caustic shrike
 55322 | Depths:1 | Killed a caustic shrike
 55397 | Depths:1 | Reached skill level 10 in Invocations
 55423 | Depths:1 | HP: 3/175 [ice dragon/blast of cold (22)]
 55455 | Depths:1 | Found a corrupted altar of Lugonu.
 55457 | Depths:1 | Found a one-way gate to the infinite horrors of the Abyss.
 55884 | Depths:1 | Received a gift from Okawaru
 56149 | Depths:1 | Found Suis Oni's Gadget Boutique.
 56520 | Depths:1 | Found a gateway to Hell.
 56610 | Depths:1 | Got a jewelled morningstar
 56611 | Depths:1 | Identified the +2 morningstar of the Singing Ass {venom,
                  | +Inv rElec Str+4} (You found it on level 1 of the Depths)
 57098 | Depths:2 | Reached skill level 5 in Shields
 57142 | Depths:2 | Received a gift from Okawaru
 57480 | Depths:2 | Noticed the Enchantress
 57504 | Depths:2 | Killed the Enchantress
 57723 | Depths:2 | Found a runed translucent door.
 57726 | Depths:2 | Noticed frimble's ghost (adept DsGl)
 58449 | Depths:2 | Got an ancient turquoise ring
 58450 | Depths:2 | Identified the ring of Karurud {*Drain rElec MP+9 SInv}
                  | (You found it on level 2 of the Depths)
 58540 | Depths:2 | Found a one-way gate leading to the halls of Pandemonium.
 58558 | Depths:2 | Reached skill level 10 in Shields
 58901 | Depths:2 | Killed frimble's ghost
 58942 | Depths:3 | Reached XP level 24. HP: 179/181 MP: 31/31
 58992 | Depths:3 | Received a gift from Okawaru
 59365 | Depths:3 | Found a gateway to a ziggurat.
 59868 | Depths:3 | Received a gift from Okawaru
 61460 | Vaults:5 | Entered Level 5 of the Vaults
 61530 | Vaults:5 | Noticed a caustic shrike
 61530 | Vaults:5 | an acid blob changed into a caustic shrike
 61536 | Vaults:5 | a caustic shrike changed into an acid blob
 61673 | Vaults:5 | Reached skill level 15 in Shields
 61711 | Vaults:5 | Received a gift from Okawaru
 62241 | Vaults:5 | Received a gift from Okawaru
 62277 | Vaults:5 | Reached XP level 25. HP: 187/187 MP: 31/31
 63071 | Vaults:5 | Got a silver rune of Zot
 63623 | Vaults:5 | Received a gift from Okawaru
 64640 | Vaults:5 | Identified the +5 hand axe of Absolution {antimagic, rC+
                  | rN+ Str-4 Dex+2}
 64640 | Vaults:5 | Identified the amulet of Guxzumm {Acrobat rElec}
 64647 | Vaults:5 | Identified the +7 hand crossbow of the Magi {elec, Stlth+}
 64955 | Vaults:5 | Identified Sif Muna's Handbook of Ice
 65441 | D:3      | Killed Sigmund
 65465 | D:3      | Fell from the grace of Okawaru
 65465 | D:3      | Became a worshipper of the Shining One
 65776 | Crypt:1  | Entered Level 1 of the Crypt
 65809 | Crypt:1  | Reached * piety under the Shining One
 66009 | Crypt:1  | Reached ** piety under the Shining One
 66369 | Crypt:1  | HP: 1/187 [ancient champion/iron shot (46)]
 66382 | Crypt:1  | Reached XP level 26. HP: 21/193 MP: 32/32
 66397 | Crypt:2  | Noticed Saint Roka
 66397 | Crypt:2  | Reached *** piety under the Shining One
 66449 | Crypt:1  | HP: 6/193 [stone giant/large rock[the fury of Okawaru]
                  | (25)]
 67267 | Crypt:1  | Reached **** piety under the Shining One
 68378 | Crypt:2  | Reached ***** piety under the Shining One
 69370 | Crypt:2  | Reached skill level 15 in Invocations
 69384 | Crypt:1  | Killed Saint Roka
 69810 | Crypt:3  | Entered Level 3 of the Crypt
 69813 | Crypt:3  | Reached ****** piety under the Shining One
 69816 | Crypt:3  | Noticed Margery
 69836 | Crypt:2  | Identified a +9 sacred scourge of holy wrath (a +9 demon
                  | whip of electrocution blessed by the Shining One)
 69836 | Crypt:2  | Received a gift from the Shining One
 69861 | Crypt:3  | Killed Margery
 70146 | Crypt:3  | Found a staircase to the Tomb.
 70645 | Crypt:3  | Noticed an ancient lich
 70645 | Crypt:3  | Noticed an ancient lich
 70666 | Crypt:3  | Noticed an ancient lich
 72575 | Depths:4 | Was forgiven by Okawaru
 72944 | Depths:4 | Found Syeczai's Jewellery Shoppe.
 73249 | Depths:4 | Reached XP level 27. HP: 199/199 MP: 35/35
 73468 | Depths:4 | Paralysed by a floating eye for 4 turns
 74190 | Depths:5 | Entered Level 5 of the Depths
 74357 | Depths:5 | Found a gate to the Realm of Zot.
 75364 | Zot:1    | Entered Level 1 of the Realm of Zot
 75368 | Depths:5 | Upgraded the game from 0.25.0 to 0.25.0-1-g7eea58d2a3
 75483 | Depths:4 | Voluntarily entered the Abyss.
 75836 | Abyss:1  | Paralysed by accursed screaming for 1 turns
 75848 | Abyss:1  | Paralysed by accursed screaming for 1 turns
 76641 | Abyss:2  | Found a shadowy altar of Dithmenos.
 76645 | Abyss:2  | Found a shadowy altar of Dithmenos.
 76646 | Abyss:2  | Gained mutation: Scrolls take you a little longer to read.
                  | [a neqoxec]
 76971 | Abyss:2  | Gained mutation: Armour fits poorly on your strangely
                  | shaped body. [a cacodemon]
 77674 | Abyss:3  | Noticed an ancient lich
 77692 | Abyss:3  | Killed an ancient lich
 78126 | Abyss:3  | Found a stormy altar of Qazlal.
 78128 | Abyss:3  | Found a stormy altar of Qazlal.
 78492 | Abyss:3  | Gained mutation: Potions are less effective at restoring
                  | your health. [a neqoxec]
 78503 | Abyss:3  | Found a corrupted altar of Lugonu.
 78730 | Abyss:3  | Paralysed by accursed screaming for 1 turns
 78806 | Abyss:3  | Gained mutation: You are partially covered in icy blue
                  | scales. (AC +2) [a neqoxec]
 79031 | Abyss:3  | Found a transporter.
 79031 | Abyss:3  | Found a corrupted altar of Lugonu.
 79111 | Abyss:3  | Found a transporter.
 79121 | Abyss:3  | Found a corrupted altar of Lugonu.
 79125 | Abyss:3  | Found a transporter.
 79215 | Abyss:3  | Identified the amulet of Kumeuka {Inacc rElec rF+ Dex+3}
                  | (You found it on level 3 of the Abyss)
 79223 | Abyss:3  | Found a transporter.
 79247 | Abyss:3  | Identified Xet Ador's Almanac of the Dark Snowflakes
 79260 | Abyss:3  | Found a transporter.
 79291 | Abyss:3  | Paralysed by you for 7 turns
 79467 | Abyss:3  | Gained mutation: Your body often deteriorates upon taking
                  | damage. [a neqoxec]
 79554 | Abyss:3  | Paralysed by you for 6 turns
 80172 | Abyss:3  | Identified the +0 helmet "Cofu" {MP+9 Dex+3} (You found it
                  | on level 3 of the Abyss)
 80426 | Abyss:3  | Paralysed by accursed screaming for 1 turns
 80434 | Abyss:3  | Paralysed by accursed screaming for 1 turns
 80443 | Abyss:3  | Paralysed by accursed screaming for 1 turns
 80564 | Abyss:3  | Found a corrupted altar of Lugonu.
 80651 | Abyss:3  | Paralysed by accursed screaming for 2 turns
 80737 | Abyss:3  | Found a corrupted altar of Lugonu.
 80792 | Abyss:3  | HP: 9/199 [starcursed mass/accursed screaming (6)]
 80792 | Abyss:3  | Paralysed by accursed screaming for 1 turns
 80793 | Abyss:3  | HP: 4/199 [starcursed mass/accursed screaming (6)]
 80794 | Abyss:3  | HP: 1/199 [starcursed mass/accursed screaming (8)]
 80797 | Abyss:3  | Paralysed by accursed screaming for 2 turns
 80799 | Abyss:3  | The Shining One protects you from harm!
 80799 | Abyss:3  | The Shining One protects you from harm!
 80814 | Abyss:3  | Lost mutation: Scrolls take you a little longer to read.
                  | [potion of mutation]
 80814 | Abyss:3  | Lost mutation: Armour fits poorly on your strangely shaped
                  | body. [potion of mutation]
 80814 | Abyss:3  | Lost mutation: Your body sometimes deteriorates upon taking
                  | damage. [potion of mutation]
 80814 | Abyss:3  | Lost mutation: Potions are less effective at restoring your
                  | health. [potion of mutation]
 80814 | Abyss:3  | Gained mutation: You are agile. (Dex +2) [potion of
                  | mutation]
 80814 | Abyss:3  | Gained mutation: You are weak. (Str -2) [potion of
                  | mutation]
 80814 | Abyss:3  | Gained mutation: You can translocate small distances at
                  | will. [potion of mutation]
 80814 | Abyss:3  | Lost mutation: You are weak. (Str -2) [potion of mutation]
 80947 | Abyss:4  | Paralysed by accursed screaming for 1 turns
 80948 | Abyss:4  | HP: 2/199 [starcursed mass/accursed screaming (9)]
 81036 | Depths:4 | Escaped the Abyss
 81256 | Depths:4 | Voluntarily entered the Abyss.
 81400 | Abyss:1  | Noticed an ancient lich
 81430 | Abyss:1  | Killed an ancient lich
 82185 | Abyss:1  | Found a corrupted altar of Lugonu.
 82409 | Abyss:2  | Paralysed by accursed screaming for 2 turns
 82573 | Abyss:2  | Reached skill level 27 in Invocations
 82689 | Abyss:2  | Found a corrupted altar of Lugonu.
 82937 | Abyss:2  | Found a corrupted altar of Lugonu.
 83167 | Abyss:2  | Gained mutation: You are frail. (-10% HP) [a neqoxec]
 84890 | Abyss:3  | Paralysed by accursed screaming for 1 turns
 85198 | Abyss:3  | Noticed an ancient lich
 85203 | Abyss:3  | Killed an ancient lich
 85287 | Abyss:3  | Gained mutation: Armour fits poorly on your strangely
                  | shaped body. [a neqoxec]
 85990 | Abyss:3  | Got an abyssal rune of Zot
 86151 | Abyss:3  | Gained mutation: Your body sometimes deteriorates upon
                  | taking damage. [a neqoxec]
 86263 | Depths:4 | Escaped the Abyss
 86264 | Depths:4 | Lost mutation: You are frail. (-10% HP) [potion of
                  | mutation]
 86264 | Depths:4 | Lost mutation: Your body sometimes deteriorates upon taking
                  | damage. [potion of mutation]
 86264 | Depths:4 | Lost mutation: Armour fits poorly on your strangely shaped
                  | body. [potion of mutation]
 86264 | Depths:4 | Gained mutation: You are surrounded by a mild repulsion
                  | field. (EV +2) [potion of mutation]
 86264 | Depths:4 | Gained mutation: Scrolls take you a little longer to read.
                  | [potion of mutation]
 86264 | Depths:4 | Gained mutation: You are frail. (-10% HP) [potion of
                  | mutation]
 86264 | Depths:4 | Gained mutation: You possess an exceptional clarity of
                  | mind. [potion of mutation]
 86265 | Depths:4 | Lost mutation: Scrolls take you a little longer to read.
                  | [potion of mutation]
 86265 | Depths:4 | Lost mutation: You are frail. (-10% HP) [potion of
                  | mutation]
 86265 | Depths:4 | Lost mutation: You are agile. (Dex +2) [potion of mutation]
 86265 | Depths:4 | Gained mutation: You are resistant to hostile enchantments.
                  | (MR+) [potion of mutation]
 86265 | Depths:4 | Gained mutation: Your spells are a little harder to cast,
                  | but a little more powerful. [potion of mutation]
 86380 | Depths:2 | Identified the +0 tower shield of Pumeh {rPois Dex+4}
 86753 | Slime:1  | Entered Level 1 of the Pits of Slime
 86860 | Slime:5  | Entered Level 5 of the Pits of Slime
 86900 | Slime:5  | Noticed the Royal Jelly
 86928 | Slime:5  | Killed the Royal Jelly
 87092 | Slime:5  | Got a slimy rune of Zot
 87098 | Slime:5  | Got a clouded glass ring
 87099 | Slime:5  | Identified the ring "Maloduk" {rC+ rN++ MR- MP+9 Int+6}
                  | (You found it on level 5 of the Pits of Slime)
 88316 | Pan      | Entered Pandemonium
 88340 | Pan      | Noticed Teipafio the pandemonium lord
 88347 | Pan      | Killed Teipafio the pandemonium lord
 88394 | Pan      | Entered the realm of Mnoleg.
 88419 | Pan      | Gained mutation: You are frail. (-10% HP) [a cacodemon]
 88722 | Pan      | Gained mutation: Your flesh is cold resistant. (rC+) [a
                  | cacodemon]
 88764 | Pan      | Gained mutation: You are very frail. (-20% HP) [a neqoxec]
 88780 | Pan      | Identified the +2 tower shield of Snakes and Ladders {rF+
                  | rC+ Int+4 Stlth-}
 88793 | Pan      | Paralysed by a floating eye for 3 turns
 88794 | Pan      | Lost mutation: Your spells are a little harder to cast, but
                  | a little more powerful. [a neqoxec]
 88796 | Pan      | Gained mutation: Your spells are a little easier to cast,
                  | but a little less powerful. [a neqoxec]
 88811 | Pan      | Gained mutation: Your body sometimes deteriorates upon
                  | taking damage. [a neqoxec]
 88899 | Pan      | Noticed Mennas
 88917 | Pan      | Killed Mennas
 88918 | Pan      | Gained mutation: Armour fits poorly on your strangely
                  | shaped body. [a shining eye]
 88920 | Pan      | Gained mutation: You are clumsy. (Dex -2) [a shining eye]
 88932 | Pan      | Paralysed by a floating eye for 3 turns
 88938 | Pan      | Noticed Mnoleg
 89014 | Pan      | Paralysed by a floating eye for 3 turns
 89028 | Pan      | Paralysed by a floating eye for 3 turns
 89037 | Pan      | Killed Mnoleg
 89186 | Pan      | Gained mutation: You are weak. (Str -2) [a neqoxec]
 89190 | Pan      | Gained mutation: Scrolls take you a little longer to read.
                  | [a neqoxec]
 89288 | Pan      | Got a glowing rune of Zot
 89314 | Pan      | Gained mutation: You are extremely frail. (-30% HP) [a
                  | neqoxec]
 89315 | Pan      | Gained mutation: You occasionally shout uncontrollably at
                  | your foes. [a neqoxec]
 89321 | Pan      | Lost mutation: You occasionally shout uncontrollably at
                  | your foes. [potion of mutation]
 89321 | Pan      | Lost mutation: Your flesh is cold resistant. (rC+) [potion
                  | of mutation]
 89321 | Pan      | Lost mutation: Scrolls take you a little longer to read.
                  | [potion of mutation]
 89321 | Pan      | Lost mutation: You are extremely frail. (-30% HP) [potion
                  | of mutation]
 89321 | Pan      | Gained mutation: Your magical capacity is low. (-10% MP)
                  | [potion of mutation]
 89321 | Pan      | Gained mutation: You expend magic power (3 MP) to
                  | strengthen your wands. [potion of mutation]
 89321 | Pan      | Gained mutation: You are very clumsy. (Dex -4) [a neqoxec]
 89381 | Pan      | Lost mutation: Your magical capacity is low. (-10% MP)
                  | [potion of mutation]
 89381 | Pan      | Lost mutation: You expend magic power (3 MP) to strengthen
                  | your wands. [potion of mutation]
 89381 | Pan      | Lost mutation: Your body sometimes deteriorates upon taking
                  | damage. [potion of mutation]
 89381 | Pan      | Lost mutation: You are very clumsy. (Dex -4) [potion of
                  | mutation]
 89388 | Pan      | Gained mutation: You are dopey. (Int -2) [a cacodemon]
 89531 | Pan      | Noticed Ducs the pandemonium lord
 89547 | Pan      | Killed Ducs the pandemonium lord
 90275 | Pan      | Noticed Ciphid the pandemonium lord
 90292 | Pan      | Killed Ciphid the pandemonium lord
 91295 | Pan      | HP: 4/159 [smoke demon/divine providence (13)]
 92141 | Pan      | Identified the +1 buckler of Insecurity {Str+4}
 92273 | Pan      | Found a white marble altar of Elyvilon.
 93139 | Pan      | Reached skill level 27 in Armour
 93968 | Pan      | Noticed a seraph
 93969 | Pan      | Found a glowing golden altar of the Shining One.
 93971 | Pan      | Got a demonic rune of Zot
 93972 | Pan      | Identified the +5 tower shield "Ucloar" {rN+ MR+}
 94349 | Pan      | Noticed Back the pandemonium lord
 94366 | Pan      | Killed Back the pandemonium lord
 94372 | Pan      | Killed from afar by a Brimstone Fiend

Illustrated notes

Levels and vault maps discovered:
D:1:      dpeg_arrival_brainrot, layout_loops_ring
D:2:      layout_loops_ring, uniq_terence
D:3:      layout_rooms, okawaru_trees_1, lemuel_crystal_altar, feat_on_display,
          uniq_sigmund
D:4:      layout_loops_ring, zin_treasury, minmay_temple_entry_antechambers,
          first_ration
D:5:      layout_loops_corners
D:6:      layout_rooms, grunt_dithmenos_shadows, led_sif_book, xom_redecorated,
          serial_shops, nicolae_shop_overgrown_old_shop, cheibriados_altar_1
D:7:      layout_loops_ring, makhleb_altar_promises_db
D:8:      layout_loops_cross, nemelex_xobeh_ov_fountains_minmay,
          david_lair_shrubbed
D:9:      minmay_bloctagon_deflated, layout_irregular_city, old_standard_altar,
          chequers_temple_overflow_minitemple, serial_shops, shop,
          grunt_livestock, minmay_misc_feat_rows, minivault_25,
          wad_floor_pattern_untrapped
D:10:     layout_roguey
D:11:     layout_cave_pods, special_room [special_room_bee]
D:12:     layout_basic, erik_orc_1
D:13:     layout_basic, minmay_crystal_room
D:14:     layout_rooms, hangedman_vaults_entry_quadrant_bands,
          minmay_misc_feat_columns
D:15:     hangedman_depths_entry_civil_slaughter, layout_layer_cave,
          nicolae_wwwww, serial_shops, shop
Lair:1:   layout_gridlike, cheibrodos_lair_caveside_slide, patterned_corridor,
          grunt_megastairs_3, uniq_erica
Lair:2:   layout_long_grid, minmay_shoals_entry_lonely_mermaid,
          beast_lair_carwin_8
Lair:3:   gammafunk_cloud_chamber, layout_regular_city,
          chequers_serial_rivers_marsh
Lair:4:   layout_gridlike, minmay_snake_entry_six_corridors,
          mumra_transporter_accident, serial_bayou_shore_a, serial_bayou_shore_b
Lair:5:   layout_cave_pods, grunt_forest_stairs_clearing, lemuel_fruit_tree,
          infiniplex_staircase_pool_2, uniq_sonja
Lair:6:   hangedman_lair_caniforms_friends, layout_gridlike, slime_altar_1,
          serial_bayou_lagoon_a, chequers_serial_rivers_large_b
Shoals:1: layout_shoals, serial_shops, nicolae_shop_statue_plus
Shoals:2: layout_shoals, serial_shops, shop, shop_fountains,
          nicolae_shoals_this_corrosion
Shoals:3: layout_shoals, serial_shops, shop
Shoals:4: shoals_end_grunt_ice, layout_shoals, serial_shops, shop_fountains,
          lemuel_altar_in_water2
Snake:1:  nicolae_snake_hallway, layout_basic, serial_curves, eino_curves_03,
          eino_curves_02, uniq_aizul, uniq_louise
Snake:2:  skrybe_snakes_to_sticks, layout_onion_interference, evilmike_ambush
          [evilmike_ambush_outer_basic, evilmike_ambush_inner_pond]
Snake:3:  layout_chambers, serial_shops, shop, serial_bayou_shore_b,
          uniq_roxanne, uniq_nikola
Snake:4:  snake_pit_salamanders_mu, layout_cave_town, uniq_vashnia, uniq_kirke
Slime:1:  layout_caves
Slime:2:  layout_caves
Slime:3:  layout_caves
Slime:4:  layout_caves
Slime:5
Orc:1:    layout_caves, uniq_urug
Orc:2:    st_orc_elflike, layout_caves, serial_shops, shop_statue, shop, shop,
          nicolae_shop_behind_doors, minmay_orc_temple_b
Elf:1:    layout_loops_corners, serial_shops, freezing_bzr,
          nicolae_shop_overgrown_old_shop, shop, shop,
          portal_desolation_entry_twin_temple, evilmike_minifort, uniq_jorgrun,
          uniq_asterion
Elf:2:    layout_onion_city, st_stairs_10, serial_sigils_hangedman_gut,
          serial_sigils_hangedman_quiver
Elf:3:    elf_hall_gauntlet_wide, layout_gridlike, drop_trap, feat_on_display,
          grunt_megastairs_2
Vaults:1: nicolae_vaults_theta, st_smaller_cells, vaults_room_hallway,
          vaults_standard_mumra_x, grunt_vaults_focal, v_misc_3,
          layout_vaults_omnigrid
Vaults:2: dpeg_vaults_monster_row, nicolae_vaults_asterisk,
          hangedman_vaults_variations, nicolae_vaults_angled_halls, v_misc_24,
          nicolae_vaults_an_arrangement, vaults_room_grunt_arrival_checkpoint,
          minmay_crypt_entry_nasty_monster, hangedman_vaults_maws,
          hangedman_vaults_stitches, grunt_vaults_diagonal,
          vaults_room_door_ring, layout_vaults_omnibox, uniq_mara
Vaults:3: st_greater_box_2, nicolae_vaults_yaktaur_gun_rack, vaults_dpeg_spiral,
          vaults_room_hallway, vaults_mumra_hex, hangedman_vaults_unwind,
          v_misc_27, v_alt_pattern_3, hangedman_vaults_nails, v_misc_8,
          ontoclasm_vaults_spin, v_misc_23, v_misc_16, layout_vaults_maze
Vaults:4: ontoclasm_vaults_eye, v_misc_25, v_misc_1, vaults_room_pool,
          ontoclasm_vaults_hangar, nicolae_vaults_know_your_exits,
          hangedman_vaults_stream, v_misc_3, v_alt_pattern_2,
          nicolae_vaults_network_square, ontoclasm_vaults_misaligned,
          vaults_dpeg_ring, ontoclasm_vaults_loading_screen, layout_vaults_ring
Vaults:5
Crypt:1:  layout_catacombs
Crypt:2:  layout_rooms, uniq_saint_roka
Crypt:3:  david_glass_crypt, layout_rooms, nicolae_tomb_entry_rubble_hallway,
          minivault_19, uniq_margery
Depths:1: layout_gridville, nrook_campfire, abyss_entry_flame_altar,
          grunt_hell_entry_dis_mu, serial_shops, shop, evilmike_ambush
          [evilmike_ambush_outer_basic, evilmike_ambush_inner_cross]
Depths:2: kennysheep_blocky_room, layout_gridlike, rand_demon_pan_entry_9,
          gammafunk_ghost_grave, hell_entry, drop_trap, hangedman_decor_lopped,
          st_stairs_11, uniq_enchantress
Depths:3: cheibrodos_cascadia, layout_basic, enter_ziggurat_e, hell_entry,
          kennysheep_flooded_box, serial_glass, glass_columns_a,
          glass_columns_c, glass_columns_a, glass_columns_c, glass_columns_a,
          glass_columns_c, glass_columns_a, glass_columns_a,
          rand_demon_pan_entry_5, fountainhead, serial_bayou_pond_d
Depths:4: wad_guarded_room, layout_gridlike, nicolae_benzene_ring, serial_shops,
          shop, grunt_metal_band, abyss_entry, drop_trap
Depths:5: grunt_zot_entry_tricorne, layout_gridlike, serial_aquarium,
          aquarium_bridge_island_small [aquarium_subvault_small_open,
          aquarium_subvault_bridge, aquarium_subvault_balcony,
          aquarium_subvault_wall, aquarium_subvault_bridge],
          aquarium_bridge_long_separate [aquarium_subvault_window,
          aquarium_subvault_balcony, aquarium_subvault_bridge,
          aquarium_subvault_balcony, aquarium_subvault_bridge,
          aquarium_subvault_wall], aquarium_window_fake, aquarium_window_corner,
          aquarium_view_2e, aquarium_balcony_1b, pf_hell_entry_tar_river,
          serial_bayou_shore_b
Zot:1:    layout_basic
Pan:      rand_demon_8, layout_stronghold, evilmike_mnoleg_eyes,
          layout_gridlike, uniq_mennas_pan, rand_demon_2, layout_small_grid,
          nicolae_pan_cerebovesque_3, evilmike_mini_pan_layers,
          layout_pan_divisions_a [pan_division_quadrant_a3,
          pan_division_quadrant_a6, pan_division_quadrant_a6,
          pan_division_quadrant_a4, pan_division_octagon_box],
          pan_blood_fountain_small, nicolae_pan_mnolegish_4,
          evilmike_mini_pan_corridor, layout_basic, nicolae_pan_mnolegish_5,
          lemuel_hall_of_pain, layout_gridville, evilmike_holy_pan,
          nicolae_pan_glass_arcs, layout_pan_divisions_b
          [pan_division_quadrant_b3, pan_division_quadrant_b3,
          pan_division_quadrant_b3, pan_division_quadrant_b6]

Skill      XL: |  1  2  3  4  5  6  7  8  9 10 11 12 13 14 15 16 17 18 19 20 21 22 23 24 25 26 27 |
---------------+----------------------------------------------------------------------------------+-----
Fighting       | 4 6 7 9 10 13 15 16 20 22 24 26 27 | 27.0
Maces & Flails | 4 5 6 7 10 11 13 14 16 18 20 | 20.5
Armour         | 2 3 4 6 10 12 13 15 16 19 20 27 | 27.0
Invocations    | 2 3 8 11 12 17 27 | 27.0
Shields        | 4 10 16 20 21 25 | 25.0
Evocations     | 3 5 |  5.0
Dodging        | |  2.4
Stealth        | |  2.1

Action                   |  1- 3 |  4- 6 |  7- 9 | 10-12 | 13-15 | 16-18 | 19-21 | 22-24 | 25-27 || total
-------------------------+-------+-------+-------+-------+-------+-------+-------+-------+-------++-------
Melee: Mace              |   117 |    78 |       |       |       |       |       |       |       ||   195
       Morningstar       |       |    66 |   402 |   783 |   946 |       |       |       |       ||  2197
       Great mace        |       |       |       |       |   931 |  1058 |  1348 |   768 |   673 ||  4778
       Demon whip        |       |       |       |       |       |       |       |   966 |   516 ||  1482
       Sacred scourge    |       |       |       |       |       |       |       |       |  4960 ||  4960
       Eveningstar       |       |       |       |       |       |       |       |       |   390 ||   390
Throw: Stone             |    12 |       |       |       |       |       |       |       |       ||    12
       Dart              |       |     6 |    19 |    27 |     7 |       |       |       |       ||    59
Invok: Heroism           |       |     1 |     2 |     3 |     6 |     2 |     4 |    15 |       ||    33
       Finesse           |       |       |       |       |     2 |     1 |     2 |    13 |       ||    18
       Divine Shield     |       |       |       |       |       |       |       |       |     2 ||     2
       Brand Weapon With |       |       |       |       |       |       |       |       |     1 ||     1
       Summon Divine War |       |       |       |       |       |       |       |       |    11 ||    11
       Cleansing Flame   |       |       |       |       |       |       |       |       |    10 ||    10
 Abil: Evoke Berserk Rag |       |       |       |       |       |       |       |       |     1 ||     1
Evoke: Wand              |       |       |       |     3 |    11 |     3 |     5 |     5 |    35 ||    62
  Use: Scroll            |       |     5 |     9 |     4 |    19 |    13 |    14 |    14 |    48 ||   126
       Potion            |       |     1 |       |       |       |     1 |     2 |     6 |    35 ||    45
 Stab: Sleeping          |     3 |       |       |       |       |       |       |       |       ||     3
       Petrified         |       |       |       |       |     3 |       |       |       |       ||     3
       Paralysed         |       |       |       |       |     1 |       |       |       |       ||     1
       Distracted        |       |       |       |       |       |       |     1 |       |       ||     1
       Invisible         |       |       |       |       |       |       |       |     2 |       ||     2
  Eat: Chunk             |     4 |     8 |    13 |    19 |    41 |    20 |    24 |    27 |    24 ||   180
       Ration            |       |       |       |       |     3 |     3 |     3 |     4 |    24 ||    37
Armor: Robe              |    28 |     4 |       |       |       |       |       |       |       ||    32
       Plate armour      |       |   114 |   233 |    64 |       |       |       |       |       ||   411
       Skin              |       |     9 |       |       |       |       |       |       |       ||     9
       Chain mail        |       |       |       |   446 |    60 |       |       |       |       ||   506
       Crystal plate arm |       |       |       |       |  1803 |  1436 |  1218 |  1268 |  2779 ||  8504
Dodge: Dodged            |    95 |   100 |   156 |   347 |   646 |   464 |   401 |   343 |   780 ||  3332
Block: Buckler           |       |       |    53 |   203 |   256 |       |       |       |       ||   512
       Kite shield       |       |       |       |       |       |       |       |   401 |   217 ||   618
       Tower shield      |       |       |       |       |       |       |       |       |  3914 ||  3914
       Other             |       |       |       |       |       |       |       |       |    20 ||    20
